 Dungeon Crawl Stone Soup version 0.29-a0-817-g9904bce7a6 (webtiles) character file.

Game seed: 5233529775394959519

5896 xian the Skirmisher (level 10, -2/53 HPs)
             Began as a Spriggan Hunter on July 5, 2022.
             Was an Initiate of Gozag.
             Killed by vampiric draining
             ... invoked by Rucothra's ghost
              (25 damage)
             ... on level 1 of the Lair of Beasts.
             The game lasted 00:30:25 (9686 turns).

xian the Skirmisher (Spriggan Hunter)               Turns: 9686, Time: 00:30:26

Health: -2/53      AC:  6    Str:  9    XL:     10   Next: 53%
Magic:  11/11      EV: 19    Int: 10    God:    Gozag
Gold:   1190       SH:  0    Dex: 22    Spells: 8/9 levels left

rFire   . . .      SeeInvis +   a - +3 shortbow (venom)
rCold   . . .      Faith    .   (shield currently unavailable)
rNeg    . . .      Spirit   .   c - +1 robe
rPois   .          Reflect  .   (helmet restricted)
rElec   .          Harm     .   y - +2 cloak
rCorr   .          Rampage  .   (gloves unavailable)
Will    +....                   (boots unavailable)
Stlth   +++.......              D - amulet of magic regeneration
HPRegen 0.17/turn               d - ring of wizardry
MPRegen 0.52/turn               (no ring)

@: afraid, gold aura, very quick
A: very small, no large weapons, unfitting armour, see invisible, speed 3
a: Renounce Religion, Potion Petition, Call Merchant, Bribe Branch


You were on level 1 of the Lair of Beasts.
You worshipped Gozag.
Gozag was most pleased with you.
You visited 3 branches of the dungeon, and saw 10 of its levels.

You collected 1301 gold pieces.
You paid 111 gold pieces to Gozag.

Inventory:

Hand Weapons
 a - a +3 shortbow of venom (weapon)
 h - a +1 sling of freezing
 j - a +2 hand axe of distortion
Missiles
 i - a throwing net
 o - 5 atropa-tipped darts
Armour
 c - a +1 robe (worn)
 y - a +2 cloak (worn)
Jewellery
 d - a ring of wizardry (left hand)
 D - an amulet of magic regeneration (around neck)
Wands
 v - a wand of charming (3)
 B - a wand of quicksilver (3)
 C - a wand of polymorph (2)
Scrolls
 b - 4 scrolls of immolation
 e - 2 scrolls of blinking
 k - 3 scrolls of teleportation
 m - a scroll of torment
 x - 3 scrolls of magic mapping
 A - a scroll of brand weapon
Potions
 f - 2 potions of lignification
 g - 3 potions of heal wounds
 l - 2 potions of curing
 n - a potion of ambrosia
 p - 3 potions of attraction
 q - a potion of berserk rage
 r - 2 potions of resistance
 s - 3 potions of invisibility
 t - a potion of flight
 u - 2 potions of mutation
 w - 2 potions of might
 z - a potion of cancellation {unknown}


   Skills:
 + Level 5.8 Fighting
 + Level 14.4 Ranged Weapons
 + Level 4.0 Dodging
 + Level 3.1 Stealth
 + Level 0.3 Spellcasting
 + Level 0.2 Summonings
 + Level 0.8 Evocations


You had 8 spell levels left.
You knew the following spells:

 Your Spells              Type           Power      Damage    Failure   Level
a - Summon Small Mammal   Summ           0%         N/A       14%         1

Your spell library contained the following spells:

 Spells                   Type           Power      Damage    Failure   Level
 Apportation              Tloc           0%         N/A       16%         1
 Freeze                   Ice            0%         1d3       16%         1
 Necrotise                Necr           0%         1d4       16%         1
 Scorch                   Fire           0%         2d5       22%         2
 Sublimation of Blood     Necr           0%         N/A       22%         2
 Wereblood                Tmut           0%         N/A       22%         2
 Frozen Ramparts          Ice            0%         1d2       38%         3
 Ignite Poison            Fire/Tmut/Pois 0%         N/A       38%         3
 Inner Flame              Hex/Fire       0%         N/A       38%         3
 Flame Wave               Conj/Fire      0%         2d4       78%         4
 Hailstorm                Conj/Ice       0%         3d3       78%         4
 Freezing Cloud           Conj/Ice/Air   0%         6-21      98%         5
 Summon Forest            Summ/Tloc      0%         N/A       98%         5
 Summon Cactus Giant      Summ           0%         N/A       100%        6
 Summon Hydra             Summ           0%         N/A       100%        7
 Polar Vortex             Ice            0%         N/A       100%        9
 Simulacrum               Ice/Necr       Unusable   N/A       N/A         6

Dungeon Overview and Level Annotations

Branches:
Dungeon (8/15)             Temple (1/1) D:5            Lair (1/6) D:8

Altars:
Ashenzari
Cheibriados
Dithmenos
Elyvilon
Fedhas
Gozag
Hepliaklqana
Kikubaaqudgha
Makhleb
Nemelex Xobeh
Trog
Uskayaw
Vehumet
Wu Jian
Xom
The Shining One

Shops:
D:8 :

Annotations:
Lair:1 1 transporter, exclusion: oklob plant, Rucothra's ghost, journeyman DjFE


Innate Abilities, Weirdness & Mutations

You are very small and have problems with some larger weapons.
You are too small for most types of armour.
You have supernaturally acute eyesight. (SInv)
You cover ground extremely quickly. (Speed+++)


Message History

Fire: a) +3 shortbow (venom)
Press: ? - help, Q - select action, (/) - cycle Shift-Dir - straight line, f/p - Rucothra's ghost
Aim: Rucothra's ghost (heavily damaged, 47% to hit)
You shoot an arrow. The arrow misses Rucothra's ghost.
Rucothra's ghost closely misses you.
Unknown command.
Fire: a) +3 shortbow (venom)
Press: ? - help, Q - select action, (/) - cycle Shift-Dir - straight line, f/p - Rucothra's ghost
Aim: Rucothra's ghost (heavily damaged, 47% to hit)
You shoot an arrow. The arrow hits Rucothra's ghost!
Rucothra's ghost is severely damaged.
Rucothra's ghost hits you but does no damage.
Fire: a) +3 shortbow (venom)
Press: ? - help, Q - select action, (/) - cycle Shift-Dir - straight line, f/p - Rucothra's ghost
Aim: Rucothra's ghost (severely damaged, 47% to hit)
You shoot an arrow. The arrow misses Rucothra's ghost.
Rucothra's ghost gestures wildly while chanting.
Rucothra's ghost radiates an aura of fear!
You are terrified of Rucothra's ghost!
Fire: a) +3 shortbow (venom)
Press: ? - help, Q - select action, (/) - cycle Shift-Dir - straight line, f/p - Rucothra's ghost
Aim: Rucothra's ghost (severely damaged, inspiring fear, 47% to hit)
You shoot an arrow.
The arrow barely misses Rucothra's ghost.
Rucothra's ghost hits you.
Fire: a) +3 shortbow (venom)
Press: ? - help, Q - select action, (/) - cycle Shift-Dir - straight line, f/p - Rucothra's ghost
Aim: Rucothra's ghost (severely damaged, inspiring fear, 47% to hit)
You shoot an arrow. The arrow hits Rucothra's ghost!
Rucothra's ghost is severely damaged.
Unknown command.
Fire: a) +3 shortbow (venom)
Press: ? - help, Q - select action, (/) - cycle Shift-Dir - straight line, f/p - Rucothra's ghost
Aim: Rucothra's ghost (severely damaged, inspiring fear, 47% to hit)
You shoot an arrow.
The arrow hits Rucothra's ghost but does no damage.
Rucothra's ghost is severely damaged.
Rucothra's ghost draws life force from you!!
You die...
Your body crumbles into a pile of gold.

....#.'..........##
.)..###...........# ....#
#####+..##### ....# #.#####
##### #.....#### #
##.......# ### #....©...##
..# ##..#####..## ..#
####..##.W@##..## ..#
#.#..##.###.##..##
..######..##..≈.≈..##..##
..'......##8...≈.≈.8##..####
..#.##..##..#.###.#≈≈##..#.#
..###..##....##.##$...##..##
+.# #..#.#..##..)##.≈#.#..#
.## #..#.#..#!...!#≈.#.#..#
### ..# #..#.#≈.#.h
.##..#.#..###.##


You could see Rucothra's ghost (scary).

Vanquished Creatures
  A cane toad (Lair:1)
  2 komodo dragons (Lair:1)
  Maggie (D:7)
  A troll (D:8)
  2 steam dragons (D:8)
  A basilisk (Lair:1)
  A wyvern (D:7)
  3 water moccasins
  2 black bears
  4 orc warriors
  2 sky beasts
  An ice beast (D:7)
  4 wolves (D:8)
  5 ogres
  3 centaurs
  A kobold brigand (D:6)
  A necrophage (D:5)
  5 bullfrogs
  4 scorpions
  3 wights (D:7)
  4 electric eels (D:8)
  A howler monkey (D:5)
  2 orc priests
  7 hounds
  A gnoll bouda (D:5)
  5 iguanas
  Natasha (twice) (D:2)
  5 orc wizards
  7 hell rats (Lair:1)
  Robin (D:2)
  10 gnolls
  4 adders
  2 shadow imps
  An ufetubus (D:5)
  2 worms
  A dart slug (D:1)
  37 orcs
  6 ball pythons
  8 endoplasms
  13 goblins
  12 hobgoblins
  5 jackals (D:4)
  12 kobolds
  2 quokkas
  3 bats (D:2)
  2 frilled lizards
  8 rats
210 creatures vanquished.

Vanquished Creatures (others)
  A fungus (Lair:1)
1 creature vanquished.

Grand Total: 211 creatures vanquished

Notes
Turn   | Place    | Note
-------+----------+-------------------------------------------
     0 | D:1      | xian the Spriggan Hunter began the quest for the Orb.
     0 | D:1      | Reached XP level 1. HP: 10/10 MP: 2/2
   243 | D:1      | Reached XP level 2. HP: 15/15 MP: 3/3
  1211 | D:2      | Found a broken altar of Ashenzari.
  1214 | D:2      | Reached XP level 3. HP: 18/18 MP: 4/4
  1301 | D:2      | Noticed Robin
  1392 | D:2      | Killed Robin
  1393 | D:2      | Reached skill level 5 in Ranged Weapons
  1520 | D:2      | Noticed Natasha
  1531 | D:2      | Killed Natasha
  1532 | D:2      | Reached XP level 4. HP: 23/23 MP: 5/5
  1569 | D:2      | Found a faded altar of an unknown god.
  1713 | D:2      | Noticed Natasha
  2067 | D:2      | Killed Natasha
  2284 | D:3      | Reached skill level 6 in Ranged Weapons
  2284 | D:3      | Reached XP level 5. HP: 11/26 MP: 6/6
  3031 | D:3      | Found a hazy altar of Hepliaklqana.
  3063 | D:4      | Noticed an ogre
  3101 | D:3      | Killed an ogre
  3102 | D:3      | Reached XP level 6. HP: 23/32 MP: 7/7
  3248 | D:4      | Reached skill level 7 in Ranged Weapons
  4321 | D:5      | Entered Level 5 of the Dungeon
  4501 | D:5      | Reached XP level 7. HP: 36/36 MP: 8/8
  4559 | D:5      | Reached skill level 8 in Ranged Weapons
  4946 | D:5      | Found a staircase to the Ecumenical Temple.
  4956 | Temple   | Entered the Ecumenical Temple
  5036 | Temple   | Became a worshipper of Gozag Ym Sagoz the Greedy
  5230 | D:5      | Reached skill level 9 in Ranged Weapons
  5328 | D:5      | Reached XP level 8. HP: 40/40 MP: 9/9
  5550 | D:6      | You fall into a shaft and drop 1 floor!
  5630 | D:7      | Reached skill level 10 in Ranged Weapons
  5873 | D:7      | Reached skill level 11 in Ranged Weapons
  6101 | D:6      | Got the Incunable of Conflagration and Dislocation
  6116 | D:6      | Reached XP level 9. HP: 45/45 MP: 10/10
  6192 | D:6      | Found a sparkling altar of Nemelex Xobeh.
  6459 | D:6      | Found an ornate altar of the Wu Jian Council.
  6768 | D:6      | Found a shimmering altar of Xom.
  6906 | D:7      | Reached skill level 12 in Ranged Weapons
  7216 | D:7      | Noticed Maggie
  7227 | D:7      | Killed Maggie
  7570 | D:8      | Reached skill level 13 in Ranged Weapons
  7661 | D:8      | Reached skill level 5 in Fighting
  7800 | D:8      | Found Ably's Book Boutique.
  7902 | D:8      | Reached XP level 10. HP: 51/51 MP: 11/11
  8154 | D:8      | Found a staircase to the Lair.
  8396 | Lair:1   | Entered Level 1 of the Lair of Beasts
  8554 | Lair:1   | Learned a level 1 spell: Summon Small Mammal
  8663 | Lair:1   | Noticed an oklob plant
  9009 | Lair:1   | Noticed a cane toad
  9015 | Lair:1   | Killed a cane toad
  9016 | Lair:1   | Reached skill level 14 in Ranged Weapons
  9059 | Lair:1   | Found a transporter.
  9317 | Lair:1   | Found a transporter.
  9324 | Lair:1   | Noticed Rucothra's ghost (journeyman DjFE)
  9686 | Lair:1   | Killed from afar by Rucothra's ghost

Illustrated notes

Levels and vault maps discovered:
D:1:      dpeg_arrival_signposts, layout_basic
D:2:      layout_loops_corners, basic_altar, ebering_ecumenical_altar_abandoned,
          uniq_robin, uniq_natasha
D:3:      layout_rooms, worldfamousw_hep_ancestral_shrine
D:4:      minmay_opposing_rooms, layout_basic
D:5:      layout_loops_ring, chequers_avenue
D:6:      layout_basic, nzn_wu_jian_council_hall, nemelex_dance_club_becter,
          lemuel_tele_altar, serial_glass, glass_columns_b, glass_columns_b
D:7:      layout_cave_pools, uniq_maggie
D:8:      layout_loops_ring, erik_lair_island, kennysheep_small_square
Temple:   hc_temple_tempest_star
Lair:1:   layout_roguey, nzn_ghost_randoct, minmay_lair_oklob_bushes

Skill      XL: |  1  2  3  4  5  6  7  8  9 10 |
---------------+-------------------------------+-----
Fighting       | 2 3 4 5 |  5.8
Ranged Weapons | 5 6 7 9 11 13 14 | 14.4
Dodging        | 3 4 |  4.0
Stealth        | 2 3 |  3.1
Spellcasting   | |  0.3
Summonings     | |  0.2
Evocations     | |  0.8

Action                   |  1- 3 |  4- 6 |  7- 9 | 10-12 || total
-------------------------+-------+-------+-------+-------++-------
 Fire: Shortbow          |    67 |   173 |   328 |   131 ||   699
Throw: Dart              |       |       |       |     1 ||     1
       Throwing net      |       |       |       |     1 ||     1
 Cast: Summon Small Mamm |       |       |       |     2 ||     2
Evoke: Wand              |       |       |     2 |     6 ||     8
  Use: Scroll            |       |    16 |     7 |     2 ||    25
Armor: Robe              |     1 |     1 |     5 |    10 ||    17
Dodge: Dodged            |     4 |    35 |    45 |    34 ||   118

Table legend: (Time is in decaauts)
 A = Elapsed time spent in this place.
 B = Non-inter-level travel time spent in this place.
 C = Inter-level travel time spent in this place.
 D = Time resting spent in this place.
 E = Time spent auto-exploring this place.
 F = Levels seen in this place.
 G = Mean time per level.
                   A        B        C        D        E       F      G
               +--------+--------+--------+--------+--------+-----+--------+
         Total |   7127 |   6926 |    201 |    281 |   4978 |  10 |  712.7 |
       Dungeon |   6083 |   5916 |    167 |    281 |   4214 |   8 |  760.4 |
        Temple |     62 |     50 |     12 |      0 |     36 |   1 |   62.0 |
          Lair |    981 |    959 |     22 |      0 |    727 |   1 |  981.0 |
               +--------+--------+--------+--------+--------+-----+--------+

Top non-repeatable levels by time:
  Lair:1: 981 daAuts
     D:7: 906 daAuts
     D:4: 803 daAuts
     D:3: 796 daAuts
     D:2: 745 daAuts
     D:8: 725 daAuts
     D:6: 719 daAuts
     D:1: 701 daAuts
     D:5: 685 daAuts
  Temple: 62 daAuts
